[Event "Team 45 45 League T69"]
[Site "Internet Chess Club"]
[Date "2016.07.01"]
[Round "4"]
[White "Leon13"]
[Black "bmw2002"]
[Result "0-1"]
[WhiteElo "1353"]
[BlackElo "1454"]
[Opening "Caro-Kann defense"]
[ECO "B10"]
[Time "11:01:25"]
[TimeControl "2700+45"]

1. e4 c6 2. Nf3 d5 3. exd5 cxd5 4. d4 Nc6 5. Nc3 Bf5 6. Bb5 Nf6 7. Ne5 Rc8 8.
Nxc6 bxc6 9. Bd3 Bg6 10. O-O e6 11. f4 Be7 12. f5 exf5 13. Bxf5 Rb8 14. Qe1 O-O
15. Ne2 Re8 16. Bxg6 hxg6 17. Bg5 Rxb2 18. Qc1 Rb7 19. Qd1 Ne4 20. Bxe7 Rbxe7
21. Qd3 Qd6 22. Rf3 Ng5 23. Rf4 Rxe2 24. Raf1 Re1 25. Qg3 Rxf1+ 26. Kxf1 Qe6 27.
h4 Ne4 28. Qf2 Nxf2 {White resigns} 0-1

[Event "Team 45 45 League T69"]
[Site "Internet Chess Club"]
[Date "2016.07.05"]
[Round "4"]
[White "Bizzy-Ketty"]
[Black "modiglani"]
[Result "0-1"]
[WhiteElo "1581"]
[BlackElo "1875"]
[Opening "Scandinavian defense"]
[ECO "B01"]
[Time "10:00:08"]
[TimeControl "2700+45"]

1. e4 d5 2. exd5 Nf6 3. Nf3 Bg4 4. d4 Qxd5 5. Be2 Nc6 6. Nc3 Qh5 7. O-O O-O-O 8.
Be3 e5 9. h3 exd4 10. hxg4 Nxg4 11. Qc1 dxe3 12. fxe3 Bc5 13. Nh4 Qxh4 14. Bxg4+
Qxg4 15. Qe1 Rhe8 16. Rf3 Nd4 17. Rg3 Qe6 18. Qf2 Nf5 19. Rf3 Bxe3 20. Rxe3 Qxe3
21. Qxe3 Nxe3 22. Kh2 Rd2 23. Rg1 Rxc2 24. Na4 Rc4 25. b3 Rc2 26. a3 Re4 27. Kg3
f5 28. Kf3 g5 29. Re1 g4+ 30. Kg3 Rxg2+ 31. Kh4 Rh2+ 32. Kg3 Rh3+ 33. Kf2 Rf3+
34. Kg1 Rg3+ 35. Kf2 Rg2# {White checkmated} 0-1

[Event "Team 45 45 League T69"]
[Site "Internet Chess Club"]
[Date "2016.06.30"]
[Round "4"]
[White "volodia80"]
[Black "bluesun"]
[Result "1-0"]
[WhiteElo "1671"]
[BlackElo "1481"]
[Opening "Giuoco Piano"]
[ECO "C54"]
[Time "11:00:29"]
[TimeControl "2700+45"]

1. e4 e5 2. Nf3 Nc6 3. Bc4 Bc5 4. c3 Nf6 5. d3 h6 6. Bb3 d6 7. Nbd2 Bg4 8. Nf1
Ne7 9. h3 Bd7 10. Ng3 Ng6 11. O-O Qe7 12. d4 Bb6 13. a4 a6 14. a5 Ba7 15. Re1
O-O-O 16. Qe2 Nf8 17. Be3 Kb8 18. dxe5 dxe5 19. Bxa7+ Kxa7 20. Qe3+ Kb8 21. Red1
g5 22. Nf5 Qe8 23. Nh2 Ng6 24. g3 Rh7 25. Rd2 Ne7 26. Rad1 Rc8 27. Ng4 Nxg4 28.
hxg4 Bc6 29. Bd5 Nxd5 30. exd5 Bd7 31. d6 Bxf5 32. dxc7+ Kxc7 33. gxf5 f6 34.
Qb6+ Kb8 35. Qxf6 Rf7 36. Qd6+ Ka8 37. g4 h5 38. f3 hxg4 39. fxg4 Rh7 40. Qf6 e4
41. Rd8 Rh4 42. Rxe8 Rxg4+ 43. Kh2 Rxe8 44. Rd8+ Rxd8 45. Qxd8+ Ka7 46. Qd4+ Kb8
47. Qe5+ Kc8 48. f6 Kd8 49. Qe7+ Kc8 50. f7 {Black resigns} 1-0

[Event "Team 45 45 League T69"]
[Site "Internet Chess Club"]
[Date "2016.07.02"]
[Round "4"]
[White "viktory"]
[Black "Fianchettoed"]
[Result "1/2-1/2"]
[WhiteElo "1649"]
[BlackElo "1605"]
[Opening "Benkö gambit accepted"]
[ECO "A58"]
[Time "12:00:09"]
[TimeControl "2700+45"]

1. d4 Nf6 2. c4 c5 3. d5 b5 4. cxb5 a6 5. bxa6 g6 6. Nc3 Bxa6 7. g3 Bg7 8. Bg2
d6 9. e4 O-O 10. Nge2 Nbd7 11. Rb1 Qa5 12. Bd2 Bd3 13. Rc1 Rfb8 14. b3 Qa3 15.
O-O Qa6 16. Re1 Ne5 17. f4 Bxe2 18. Rxe2 Nd3 19. Rb1 Nd7 20. Re3 Bd4 21. Bf1 c4
22. bxc4 Bxe3+ 23. Bxe3 N3c5 24. Rxb8+ Rxb8 25. Bd4 Qa3 26. Qg4 Nf6 27. Qh4
Ncxe4 28. Nxe4 Nxe4 29. Qxe7 Qf3 30. Qc7 Re8 31. Qd7 Rb8 32. Qc7 Re8 33. Qd7 Rb8
34. Qc7 {Game drawn by repetition} 1/2-1/2

[Event "Team 45 45 League T69"]
[Site "Internet Chess Club"]
[Date "2016.07.02"]
[Round "4"]
[White "dabodhi"]
[Black "EFXBT"]
[Result "0-1"]
[WhiteElo "1435"]
[BlackElo "1517"]
[Opening "Sicilian: accelerated fianchetto, modern variation with Bc4"]
[ECO "B35"]
[Time "20:07:45"]
[TimeControl "2700+45"]

1. e4 c5 2. Nf3 Nc6 3. d4 cxd4 4. Nxd4 g6 5. Nc3 Bg7 6. Be3 Nf6 7. Bc4 O-O 8.
Bb3 d6 9. f3 a6 10. a4 Bd7 11. Qd2 Rb8 12. Nxc6 Bxc6 13. Bh6 b5 14. Be3 Nd7 15.
Rb1 Nb6 16. Bxb6 Qxb6 17. Bd5 Qc5 18. Bxc6 Qxc6 19. Nd5 Qd7 20. c3 bxa4 21. O-O
Rb3 22. Qf2 Qb7 23. Rfc1 a3 24. Qc2 a2 25. Ra1 Rxb2 26. Qd3 Rb8 27. Nb4 a5 28.
Nxa2 Qb3 29. Kf1 Rxa2 30. Rab1 Rb2 31. Ra1 a4 32. Qa6 Bxc3 33. Qxa4 Qxa4 34.
Rxa4 R8b7 35. Rxc3 R7b4 36. Rxb4 Rxb4 37. Rc7 Kf8 38. Kf2 Rb8 39. h4 Ke8 40. Kg3
Rd8 41. Ra7 Rd7 42. Ra5 e5 43. Kg4 Kf8 44. f4 h5+ 45. Kg5 exf4 46. Kxf4 Ke7 47.
g4 hxg4 48. Kxg4 Ke6 49. Kf4 d5 50. Rxd5 Rxd5 51. exd5+ Kxd5 52. Kg5 Ke6 53. Kf4
Kf6 54. Kg4 Ke5 55. Kg5 Ke6 56. Kg4 f5+ 57. Kf3 Kf7 58. Kf4 Kg7 59. Kg5 Kh7 60.
Kf4 Kh6 61. Kf3 Kh5 62. Kg3 f4+ 63. Kxf4 Kxh4 64. Kf3 g5 65. Kg2 Kg4 66. Kg1 Kg3
67. Kh1 Kf3 68. Kg1 g4 69. Kf1 g3 70. Kg1 g2 71. Kh2 Kf2 {White resigns} 0-1

[Event "Team 45 45 League T69"]
[Site "Internet Chess Club"]
[Date "2016.07.01"]
[Round "4"]
[White "Packerfan"]
[Black "otherook"]
[Result "1/2-1/2"]
[WhiteElo "1821"]
[BlackElo "1779"]
[Opening "Caro-Kann defense"]
[ECO "B12"]
[Time "14:01:40"]
[TimeControl "2700+45"]

1. e4 c6 2. d4 d6 3. c4 e5 4. Nf3 Bg4 5. Be2 Nd7 6. Nc3 Be7 7. h3 Bh5 8. O-O
Ngf6 9. dxe5 dxe5 10. Qc2 O-O 11. Rd1 Qc7 12. a3 a5 13. Be3 Rfe8 14. Rac1 h6 15.
Ne1 Bxe2 16. Qxe2 Bc5 17. Nd3 Bxe3 18. Qxe3 Nf8 19. f3 Ne6 20. Na4 Rad8 21. Nac5
Nxc5 22. Qxc5 b6 23. Qe3 c5 24. Nf2 Rd4 25. Rxd4 exd4 26. Qd2 Nh5 27. Nd3 Qg3
28. Re1 f6 29. Qf2 {Game drawn by mutual agreement} 1/2-1/2

[Event "Team 45 45 League T69"]
[Site "Internet Chess Club"]
[Date "2016.07.01"]
[Round "4"]
[White "Invicta-Knight"]
[Black "Lrn2Mate"]
[Result "0-1"]
[WhiteElo "1692"]
[BlackElo "1670"]
[Opening "Scandinavian (center counter) defense"]
[ECO "B01"]
[Time "15:27:23"]
[TimeControl "2700+45"]

1. e4 d5 2. exd5 Qxd5 3. Nc3 Qd8 4. d4 Nf6 5. Nf3 Bf5 6. Bb5+ c6 7. Ba4 e6 8.
Bg5 Be7 9. Qe2 Nbd7 10. O-O-O b5 11. Bb3 a5 12. a3 b4 13. Nb1 a4 14. Bc4 O-O 15.
Ne5 Nxe5 16. Bxf6 Bxf6 17. dxe5 Bg5+ {White resigns} 0-1

[Event "Team 45 45 League T69"]
[Site "Internet Chess Club"]
[Date "2016.06.30"]
[Round "4"]
[White "tryanything"]
[Black "crazyhorses"]
[Result "1-0"]
[WhiteElo "1571"]
[BlackElo "1352"]
[Opening "Sicilian"]
[ECO "B50"]
[Time "19:00:25"]
[TimeControl "2700+45"]

1. e4 c5 2. Nf3 d6 3. h3 Nf6 4. Bd3 Nc6 5. c3 g6 6. Bc2 Bg7 7. O-O O-O 8. d4
cxd4 9. cxd4 Bd7 10. Nc3 Rc8 11. Be3 Qa5 12. Qd2 a6 13. Rac1 Rfd8 14. Bb1 b5 15.
d5 b4 16. dxc6 bxc3 17. bxc3 Bxc6 18. c4 Qh5 19. Qe2 Nxe4 20. Bb6 Nc3 21. Rxc3
Bxc3 22. Bxd8 Bxf3 23. Qxe7 Rxc4 24. Qg5 Qxg5 25. Bxg5 Be2 26. Rc1 Bb4 27. Rxc4
Bxc4 28. Be3 Bc5 29. Bxc5 dxc5 30. f4 f5 31. h4 h5 32. Kf2 Kf7 33. Ke3 Ke6 34.
g3 Kd5 35. a3 Kc6 36. Kd2 Kb5 37. Kc3 Bf7 38. Bc2 a5 39. Bd1 Bd5 40. Bc2 Be4 41.
a4+ Kc6 42. Bd1 Bg2 43. Bc2 Bf3 44. Bd3 Bd5 45. Bb5+ Kd6 46. Be8 Bc6 47. Bxg6
Bxa4 48. Bxh5 Bd7 49. Bd1 Kd5 50. Bf3+ Kd6 51. Bd1 Ke6 52. g4 {Black forfeits on
time} 1-0

[Event "Team 45 45 League T69"]
[Site "Internet Chess Club"]
[Date "2016.07.03"]
[Round "4"]
[White "kingphisch"]
[Black "kutch"]
[Result "1-0"]
[WhiteElo "1494"]
[BlackElo "1494"]
[Opening "Scotch gambit: Dubois-Réti defense"]
[ECO "C55"]
[Time "16:01:31"]
[TimeControl "2700+45"]

1. e4 e5 2. Nf3 Nc6 3. d4 exd4 4. Bc4 Nf6 5. e5 d5 6. Bb5 Ne4 7. Bxc6+ bxc6 8.
Nxd4 Qd7 9. f3 Nc5 10. O-O Be7 11. Nc3 O-O 12. Be3 Ba6 13. Re1 Ne6 14. Nxe6 Qxe6
15. Qd2 Rfd8 16. Bf2 h6 17. Rad1 Qf5 18. Ne2 Qxe5 19. Nd4 Qf6 20. Nxc6 Qxc6 21.
Rxe7 Bc8 22. Rde1 Be6 23. Qf4 Rac8 24. c3 Rd6 25. Bd4 Kf8 26. R1xe6 f6 27. Qg4
g5 28. Qh5 Qe8 29. Rxe8+ Rxe8 30. Qxe8+ Kg7 {Black resigns} 1-0

[Event "Team 45 45 League T69"]
[Site "Internet Chess Club"]
[Date "2016.06.30"]
[Round "4"]
[White "Skeptic1972"]
[Black "Elton2013"]
[Result "0-1"]
[WhiteElo "1506"]
[BlackElo "1780"]
[Opening "Ruy Lopez: Schliemann defense"]
[ECO "C63"]
[Time "14:02:21"]
[TimeControl "2700+45"]

1. e4 e5 2. Nf3 Nc6 3. Bb5 f5 4. Bxc6 dxc6 5. exf5 Bxf5 6. d3 Nf6 7. Nxe5 Bd6 8.
Nf3 O-O 9. O-O Bg4 10. Nbd2 Nh5 11. h3 Bxf3 12. Nxf3 Nf4 13. Bxf4 Bxf4 14. Nd2
Qh4 15. Ne4 Be5 16. Rb1 Rf7 17. Qg4 Qe7 18. Qg5 Qe6 19. Qg4 Qxa2 20. b3 Qa3 21.
Qh4 Qe7 22. Qxe7 Rxe7 23. f3 h5 24. Rfe1 Rae8 25. Re2 b6 26. Rbe1 c5 27. Kf1 Bf4
28. Nf2 Kf7 29. Rxe7+ Rxe7 30. Rxe7+ Kxe7 31. Ke2 Ke6 32. c4 Ke5 33. Kd1 Kd4 34.
Kc2 a5 35. g4 Ke3 36. Ne4 Kxf3 37. gxh5 Kg2 38. Nc3 Kxh3 39. Ne2 Be5 40. Kd2 Kg4
41. Ke3 Kxh5 {White resigns} 0-1

[Event "Team 45 45 League T69"]
[Site "Internet Chess Club"]
[Date "2016.07.02"]
[Round "4"]
[White "vjbaker"]
[Black "Ajolote"]
[Result "1/2-1/2"]
[WhiteElo "1891"]
[BlackElo "1724"]
[Opening "Sicilian defense"]
[ECO "B32"]
[Time "11:02:16"]
[TimeControl "2700+45"]

1. e4 c5 2. Nf3 Nc6 3. d4 cxd4 4. Nxd4 Qb6 5. Nb3 e6 6. Be3 Qc7 7. Nc3 a6 8. Qd2
Be7 9. f4 b5 10. Be2 d6 11. Bf3 Bb7 12. O-O-O Nf6 13. g4 O-O 14. h4 Na5 15. Nxa5
Qxa5 16. Qd3 b4 17. Nb1 Qxa2 18. g5 Nd7 19. h5 f6 20. gxf6 Nxf6 21. Rhg1 Kh8 22.
Rg3 Rad8 23. Rdg1 Rf7 24. f5 exf5 25. exf5 Bxf3 26. Rxf3 Qd5 27. Qe2 Nxh5 28.
Qf2 Rdf8 29. Rf1 Nf6 30. Rf4 Nh5 31. Rf3 g6 32. Rd1 Qb5 33. Bh6 Ng7 34. Re1 Qd7
35. Qe2 Bd8 36. Nd2 Rxf5 37. Re3 R5f7 38. Ne4 Rg8 39. Rd3 Nf5 40. Bd2 a5 41. Bf4
Be7 42. Red1 Qc6 43. Nxd6 Bxd6 44. Bxd6 Nxd6 45. Qe5+ Rfg7 46. Rxd6 Qc7 47. R1d5
Rc8 48. Rd2 Rf8 49. Rd1 Rc8 50. R1d2 Rf8 51. Kb1 Kg8 52. Qd5+ Kh8 53. Rc6 Rf1+
54. Ka2 Qf7 55. Re6 Rf5 56. Qd8+ Rg8 57. Qd4+ Qg7 58. Qc4 Qf7 59. b3 Rf6 60.
Rxf6 Qxf6 61. Rd7 Rf8 62. Qc7 h5 63. Qxa5 Qc3 64. Rc7 Qd4 65. Qa6 Qf6 66. Rc6
Qf5 67. Rc4 Rb8 68. Qa7 Rc8 69. Qd4+ Kh7 70. Qa7+ Kh8 71. Qd4+ Kh7 72. Qa7+ Kh8
{Game drawn by repetition} 1/2-1/2

[Event "Team 45 45 League T69"]
[Site "Internet Chess Club"]
[Date "2016.07.05"]
[Round "4"]
[White "Gojira"]
[Black "ausya"]
[Result "0-1"]
[WhiteElo "1602"]
[BlackElo "1669"]
[Opening "Queen's pawn, Mason variation"]
[ECO "D00"]
[Time "20:00:33"]
[TimeControl "2700+45"]

1. d4 d5 2. Bf4 Nf6 3. e3 e6 4. Nf3 Be7 5. h3 c5 6. c3 Nc6 7. Nbd2 O-O 8. Bd3
Bd7 9. Ne5 Qb6 10. Rb1 c4 11. Bc2 Qa5 12. Bxh7+ Kxh7 13. Bg5 Qd8 14. Bxf6 Bxf6
15. Qh5+ Kg8 16. Ndf3 g6 17. Qg4 Kg7 18. h4 Rh8 19. h5 Bxe5 20. dxe5 Rh6 21. Ke2
Qh8 22. hxg6 Rxh1 23. Rxh1 Qxh1 24. gxf7+ Kxf7 25. Qf4+ Ke8 26. Nh4 Qb1 27. Qf6
Qh7 28. Ng6 Qg8 29. f4 Bc8 30. g4 Qf7 31. Qh8+ Kd7 32. f5 Kc7 33. f6 Qxg6 34.
Qf8 Nxe5 {White resigns} 0-1

[Event "Team 45 45 League T69"]
[Site "Internet Chess Club"]
[Date "2016.07.02"]
[Round "4"]
[White "moodle"]
[Black "Insan996"]
[Result "1-0"]
[WhiteElo "1570"]
[BlackElo "1548"]
[Opening "Caro-Kann: exchange, Rubinstein variation"]
[ECO "B13"]
[Time "13:07:31"]
[TimeControl "2700+45"]

1. e4 c6 2. d4 d5 3. exd5 cxd5 4. Bd3 Nf6 5. Bf4 Nc6 6. c3 Qb6 7. Qc2 Bg4 8. Nd2
e6 9. Ngf3 Be7 10. O-O O-O 11. Ne5 Bh5 12. Ndf3 Rac8 13. Qb3 Qxb3 14. axb3 a6
15. Nxc6 Rxc6 16. Ne5 Rb6 17. b4 Bxb4 18. cxb4 Rxb4 19. Rfb1 Rc8 20. Bd2 Rxd4
21. Rc1 Rxc1+ 22. Rxc1 h6 23. Rc8+ {Black resigns} 1-0

[Event "Team 45 45 League T69"]
[Site "Internet Chess Club"]
[Date "2016.06.29"]
[Round "4"]
[White "Goli"]
[Black "idjit"]
[Result "1-0"]
[WhiteElo "1806"]
[BlackElo "1539"]
[Opening "French: exchange variation"]
[ECO "C01"]
[Time "16:45:19"]
[TimeControl "2700+45"]

1. e4 e6 2. d4 d5 3. exd5 exd5 4. Bd3 Nc6 5. Ne2 Bd6 6. Nbc3 Nge7 7. Bg5 f6 8.
Be3 O-O 9. a3 a6 10. Qd2 Be6 11. O-O Qd7 12. Rfe1 Rfe8 13. Rad1 Bf5 14. Bf4 Bxd3
15. Qxd3 Rad8 16. Qf3 Qf5 17. Qd3 Bxf4 18. Qxf5 Bxh2+ 19. Kxh2 Nxf5 20. Nf4
Nfxd4 21. Rxe8+ Rxe8 22. Nfxd5 Nxc2 23. Nxc7 Rd8 24. Rxd8+ Nxd8 25. N3d5 Kf7 26.
Kg3 Nd4 27. Kf4 N8e6+ 28. Nxe6 Nxe6+ 29. Ke4 g6 30. b4 h5 31. a4 g5 32. b5 Nc5+
33. Kf5 axb5 34. axb5 Nd7 35. Nc7 g4 36. Ne6 b6 37. Nf4 {Black resigns} 1-0

[Event "Team 45 45 League T69"]
[Site "Internet Chess Club"]
[Date "2016.07.03"]
[Round "4"]
[White "QuieroAprender"]
[Black "Egmont"]
[Result "1-0"]
[WhiteElo "1565"]
[BlackElo "1682"]
[Opening "Caro-Kann: anti-anti-Caro-Kann defense"]
[ECO "B10"]
[Time "10:01:15"]
[TimeControl "2700+45"]

1. e4 c6 2. c4 d5 3. cxd5 cxd5 4. exd5 Qxd5 5. Nc3 Qe5+ 6. Qe2 Qxe2+ 7. Bxe2 a6
8. Nd5 Kd8 9. Nb6 Ra7 10. Bc4 e6 11. Nf3 f6 12. Nxc8 Kxc8 13. Bxe6+ Kd8 14. O-O
Bc5 15. d4 Bd6 16. Be3 b5 17. Rac1 Rc7 18. d5 Nd7 19. Rxc7 Bxc7 20. Rc1 Ne7 21.
Nd4 Ne5 22. b3 Nd3 23. Rd1 Nf4 24. Bxf4 Bxf4 25. Nc6+ Nxc6 26. dxc6+ Kc7 27. g3
Be5 28. Rc1 Re8 29. Bd7 Re7 30. a4 b4 31. Re1 Bd6 32. Kf1 Rxe1+ 33. Kxe1 Kb6 34.
Ke2 Kc5 35. Kd3 Kd5 36. f4 Bc7 37. Bf5 Kxc6 38. Bxh7 Bb6 39. Ke4 g5 40. Kf5 gxf4
41. gxf4 Be3 42. h4 Kd6 43. Bg8 Ke7 44. h5 Kf8 45. Bc4 a5 46. h6 Bd4 47. Kg6 f5
48. Kxf5 Bc3 49. Kg6 Bd4 50. f5 {Black resigns} 1-0

[Event "Team 45 45 League T69"]
[Site "Internet Chess Club"]
[Date "2016.07.03"]
[Round "4"]
[White "HappySong"]
[Black "bayoumicardio10"]
[Result "1-0"]
[WhiteElo "1546"]
[BlackElo "1650"]
[Opening "Pirc: classical (two knights) system"]
[ECO "B08"]
[Time "19:57:05"]
[TimeControl "2700+45"]

1. e4 d6 2. d4 Nf6 3. Nc3 g6 4. Nf3 Bg7 5. Bc4 O-O 6. Be3 Nxe4 7. Bxf7+ Rxf7 8.
Nxe4 Bg4 9. Neg5 Rf8 10. c3 h6 11. Qb3+ d5 12. Qxb7 Nd7 13. Qxd5+ e6 14. Nxe6
Bxe6 15. Qxe6+ Kh7 16. h4 Nf6 17. Ne5 Rb8 18. h5 g5 19. Qf5+ Kg8 20. Qe6+ Kh7
21. Bxg5 hxg5 22. Qf5+ Kg8 23. h6 Nh5 24. h7+ Kh8 25. Ng6+ Kxh7 26. Nxf8+ Kg8
27. Ne6 Qe8 28. g4 Nf4 29. Qh7+ Kf7 30. Qxg7+ Kxe6 31. Qe5+ Kf7 32. Rh7+ Kg6 33.
Rg7+ Kh6 34. Re7 Nd3+ 35. Kd2 Nxe5 36. Rxe8 Nf3+ 37. Ke3 Rxe8+ 38. Kxf3 Kg6 39.
c4 Rf8+ 40. Kg3 Re8 41. c5 Re2 42. b4 Rd2 43. Re1 Rxd4 44. a3 Kf6 45. Re3 a6 46.
f3 Rd1 47. Kf2 Rd2+ 48. Re2 Rd3 49. Ra2 Ke5 50. Re2+ Kf6 51. Re3 Rd2+ 52. Ke1
Rd4 53. Ke2 Rd8 54. Rd3 Re8+ 55. Kd2 Re7 56. a4 Rh7 57. b5 axb5 58. axb5 Ke5 59.
Ke3 Rf7 60. c6 Ke6 61. Kd2 Rf4 62. Kc3 Rf6 63. Kb4 Rf8 64. Rd7 Rxf3 65. Rxc7
Rf4+ 66. Ka5 Kd6 67. Kb6 Rxg4 68. Rd7+ Ke6 69. Rd2 Rc4 70. Kb7 Rf4 71. c7 Rf7
72. Kb8 {Black resigns} 1-0

[Event "Team 45 45 League T69"]
[Site "Internet Chess Club"]
[Date "2016.07.02"]
[Round "4"]
[White "Zugzwanged"]
[Black "tightfist"]
[Result "1-0"]
[WhiteElo "1662"]
[BlackElo "1469"]
[Opening "French: Tarrasch"]
[ECO "C03"]
[Time "15:02:08"]
[TimeControl "2700+45"]

1. e4 e6 2. d4 d5 3. Nd2 dxe4 4. Nxe4 Nf6 5. Bg5 Be7 6. Bxf6 Bxf6 7. Nf3 O-O 8.
Qd2 Nc6 9. Bb5 Bd7 10. O-O-O a6 11. Nxf6+ Qxf6 12. Bd3 h6 13. a3 Rfd8 14. Qe3 b5
15. g4 Be8 16. g5 hxg5 17. Nxg5 g6 18. c3 Na5 19. h4 Nc4 20. Qg3 Nd6 21. Ne4
Nxe4 22. Bxe4 Ra7 23. h5 Qg7 24. hxg6 fxg6 25. Qg5 Rd7 26. Rh6 Qe7 27. Qe5 Qg7
28. Qg5 Qe7 29. Qxe7 Rxe7 30. Bxg6 Kg7 31. Rh7+ Kf6 32. Rxe7 Kxe7 33. Bc2 Bc6
34. Bb3 Ra8 35. Re1 Bd7 36. d5 Rf8 37. dxe6 Bc8 38. Re2 Rf6 39. Kd2 c5 40. Bd5
Rf5 41. Bg2 Bxe6 42. Bb7 a5 43. Bc8 Rf6 44. Bxe6 Rxe6 45. Rxe6+ Kxe6 46. Ke3 Ke5
47. f3 a4 48. f4+ Kd5 49. Kd3 Kd6 50. Ke4 Ke6 51. f5+ Kd6 52. f6 Ke6 53. f7 Kxf7
54. Kd5 c4 55. Kc5 Ke6 56. Kxb5 Kd5 57. Kb4 Kc6 58. Kxc4 Kb6 59. Kb4 Kc6 60.
Kxa4 Kc5 61. b4+ Kb6 62. c4 Ka6 63. c5 Kb7 64. b5 Ka7 65. Ka5 {Black resigns}
1-0

[Event "Team 45 45 League T69"]
[Site "Internet Chess Club"]
[Date "2016.07.05"]
[Round "4"]
[White "searchforbobby1"]
[Black "jorome23"]
[Result "1/2-1/2"]
[WhiteElo "1990"]
[BlackElo "2283"]
[Opening "Sicilian: Alapin's variation (2.c3)"]
[ECO "B22"]
[Time "21:03:32"]
[TimeControl "2700+45"]

1. e4 c5 2. c3 d5 3. exd5 Qxd5 4. d4 Nc6 5. Nf3 Bg4 6. dxc5 Qxd1+ 7. Kxd1 e6 8.
Be3 Nf6 9. Nd2 Nd5 10. Ne4 O-O-O 11. Ke1 Nxe3 12. fxe3 Bf5 13. Neg5 Bg6 14. b4
Be7 15. h4 h6 16. Nh3 Bh7 17. Bb5 Kc7 18. Ke2 Bf6 19. Rac1 Bf5 20. Nf2 a5 21. e4
Bh7 22. Bxc6 Kxc6 23. e5 Be7 24. a3 b6 25. Nd4+ Kb7 26. Nd3 Bxd3+ 27. Kxd3 bxc5
28. bxc5 Bxc5 29. Rb1+ Bb6 30. Rb5 Ka6 31. Rhb1 Bxd4 32. cxd4 Rd7 33. Rb6+ Ka7
34. R6b5 Ka6 35. Rb6+ Ka7 36. R6b5 Ka6 {Game drawn by repetition} 1/2-1/2

[Event "Team 45 45 League T69"]
[Site "Internet Chess Club"]
[Date "2016.07.02"]
[Round "4"]
[White "rook9999"]
[Black "Monterrey"]
[Result "1/2-1/2"]
[WhiteElo "1986"]
[BlackElo "2002"]
[Opening "French: exchange variation"]
[ECO "C01"]
[Time "21:00:26"]
[TimeControl "2700+45"]

1. e4 e6 2. d4 d5 3. exd5 exd5 4. Bd3 Nc6 5. Nc3 Nxd4 6. Nge2 Nxe2 7. Qxe2+ Be7
8. O-O Nf6 9. Re1 Be6 10. Nb5 Kf8 11. Bf4 Ne8 12. Rad1 c5 13. Bc4 d4 14. Bxe6
fxe6 15. Qxe6 a6 16. Na3 Rc8 17. Qf5+ Nf6 18. Nc4 Qd7 19. Qxd7 Nxd7 20. c3 Bf6
21. cxd4 cxd4 22. Nd6 Rb8 23. Ne4 Re8 24. Nxf6 Rxe1+ 25. Rxe1 Nxf6 26. Be5 d3
27. Rd1 Kf7 28. Rxd3 Re8 29. f4 Re7 30. h3 Nd7 31. Bc3 Nc5 32. Rd5 Na4 33. Bb4
Rc7 34. Rd2 Rc4 35. Rd7+ Ke6 36. Rxb7 Nxb2 37. a3 Rxf4 38. Rb6+ Kd5 39. Rxa6 Nd3
40. Rd6+ Kc4 41. Ba5 Rf5 42. Bd8 Nb2 43. Rd7 Rf8 44. Ba5 Rf5 45. Bb4 Rg5 46. Kf1
h5 47. Rc7+ Kb5 48. Rf7 g6 49. Re7 Nd3 50. Bd2 Rf5+ 51. Ke2 Nf4+ 52. Bxf4 Rxf4
53. Rg7 {Game drawn by mutual agreement} 1/2-1/2

[Event "Team 45 45 League T69"]
[Site "Internet Chess Club"]
[Date "2016.07.05"]
[Round "4"]
[White "chsrules88"]
[Black "JasonModer"]
[Result "0-1"]
[WhiteElo "2025"]
[BlackElo "1986"]
[Opening "French: advance, Euwe variation"]
[ECO "B40"]
[Time "20:30:32"]
[TimeControl "2700+45"]

1. e4 c5 2. Nf3 e6 3. c3 d5 4. e5 Nc6 5. d4 Bd7 6. Bd3 Qc7 7. a3 Nge7 8. O-O
cxd4 9. cxd4 Ng6 10. Nc3 Be7 11. Be3 O-O 12. Rc1 Rac8 13. b4 a6 14. g3 Rfd8 15.
h4 Nf8 16. Qd2 Be8 17. Kg2 f6 18. Bf4 Qb6 19. Rfe1 Bh5 20. Ne2 Ng6 21. Bxg6 hxg6
22. Be3 Bxf3+ 23. Kxf3 fxe5 24. dxe5 d4 25. Bf4 d3 26. Kg2 dxe2 27. Qxe2 Nd4 28.
Qg4 Rxc1 29. Rxc1 Qb5 30. Qxg6 Qd5+ 31. Kh3 Ne2 32. Rc7 Nxf4+ 33. gxf4 Qh1+ 34.
Kg4 Qg2+ 35. Kh5 Qf3+ 36. Qg4 g6+ 37. Kh6 Qxg4 38. Rxe7 Qh5# {White checkmated}
0-1

[Event "Team 45 45 League T69"]
[Site "Internet Chess Club"]
[Date "2016.07.03"]
[Round "4"]
[White "komodeo"]
[Black "fishhead"]
[Result "1-0"]
[WhiteElo "1779"]
[BlackElo "1694"]
[Opening "Alekhine's defense: exchange variation"]
[ECO "B03"]
[Time "20:30:17"]
[TimeControl "2700+45"]

1. e4 Nf6 2. e5 Nd5 3. d4 d6 4. c4 Nb6 5. exd6 cxd6 6. Nc3 g6 7. Be3 Bg7 8. Be2
O-O 9. Nf3 Nc6 10. O-O Bg4 11. b3 d5 12. c5 Nc8 13. h3 Bxf3 14. Bxf3 e6 15. Qd2
N8e7 16. Rfd1 Nf5 17. Ne2 Nh4 18. Bg4 f5 19. Bg5 Bf6 20. Bxh4 fxg4 21. Bg3 gxh3
22. gxh3 Qd7 23. Rac1 Rad8 24. Bd6 Be7 25. Bxe7 Qxe7 26. f4 Qh4 27. Qe3 Rf6 28.
b4 Ne7 29. Rc3 Nf5 30. Qf3 h5 31. Qf2 Kf7 32. Qxh4 Nxh4 33. Ra3 Ra8 34. Rf1 Ke7
35. b5 Kd7 36. Kf2 Nf5 37. Rg1 a5 38. bxa6 Rxa6 39. Rxa6 bxa6 40. Rb1 Nxd4 41.
Nxd4 Rxf4+ 42. Nf3 e5 43. Kg3 Ke6 44. Rb6+ Kf5 45. Nh4+ Ke4 46. Nxg6 Rf3+ 47.
Kg2 Ra3 48. Rb2 Rc3 49. Re2+ Kf5 50. Nxe5 Rxc5 51. Nd7 Ra5 52. Nb6 Rb5 53. Na4
d4 54. Nb2 Rc5 55. Nd3 Rc3 56. Nf2 Ra3 57. Rd2 Ke5 58. h4 Kd5 59. Kf1 Kc4 60.
Rc2+ Kd5 61. Ke2 Re3+ 62. Kd2 Rf3 63. Nd3 Rh3 64. Nf4+ {Black resigns} 1-0

[Event "Team 45 45 League T69"]
[Site "Internet Chess Club"]
[Date "2016.07.08"]
[Round "4"]
[White "ShootStraight"]
[Black "swagnik"]
[Result "0-1"]
[WhiteElo "1950"]
[BlackElo "1920"]
[Opening "Benoni: classical with e4 and Nf3"]
[ECO "A70"]
[Time "13:00:43"]
[TimeControl "2700+45"]

1. d4 Nf6 2. c4 c5 3. d5 e6 4. Nc3 exd5 5. cxd5 d6 6. Nf3 g6 7. e4 Bg7 8. h3 O-O
9. Bd3 a6 10. a4 Nbd7 11. O-O Re8 12. Bf4 Nh5 13. Bg5 Ndf6 14. Qd2 Bd7 15. a5
Qc8 16. Rfe1 Bxh3 17. gxh3 Qxh3 18. Nh2 Ng4 19. f3 Bd4+ 20. Be3 Nxe3 21. Rxe3
Re5 22. Bf1 Rg5+ 23. Kf2 Qxh2+ 24. Ke1 Qg1 25. Re2 Qxf1+ {White resigns} 0-1

[Event "Team 45 45 League T69"]
[Site "Internet Chess Club"]
[Date "2016.07.02"]
[Round "4"]
[White "SlimeDog2"]
[Black "fledermaus"]
[Result "1/2-1/2"]
[WhiteElo "2017"]
[BlackElo "1922"]
[Opening "QGD semi-Slav: 5.e3"]
[ECO "D45"]
[Time "17:01:05"]
[TimeControl "2700+45"]

1. d4 d5 2. c4 e6 3. Nc3 Nf6 4. Nf3 c6 5. e3 Bd6 6. Qc2 Nbd7 7. b3 O-O 8. Be2
Qe7 9. O-O dxc4 10. bxc4 e5 11. d5 cxd5 12. cxd5 a6 13. e4 b5 14. Nd2 Bb7 15.
Nd1 Rfc8 16. Qb1 Ba3 17. Ne3 Bxc1 18. Rxc1 g6 19. Nec4 Rab8 20. Na5 Nb6 21. Nxb7
Qxb7 22. Qb4 Rxc1+ 23. Rxc1 Rc8 24. Rxc8+ Qxc8 25. g3 Nbd7 26. a4 Qc5 27. Qxc5
Nxc5 28. axb5 axb5 29. f3 b4 30. Bc4 Ne8 31. Kf2 Nd6 32. Nb3 Ncxe4+ 33. fxe4
Nxc4 34. Ke2 Nd6 35. Kd3 f5 36. exf5 gxf5 37. Na5 Kf7 38. Nc6 Kf6 39. Nxb4 f4
40. gxf4 exf4 41. Ke2 Ke5 42. Kf3 Nf7 43. h4 Kf5 44. Nd3 Ne5+ 45. Nxe5 Kxe5 46.
d6 Kxd6 47. Kxf4 Ke7 48. Kg5 Kf7 49. Kh6 Kg8 50. h5 Kh8 {Game drawn by mutual
agreement} 1/2-1/2

[Event "Team 45 45 League T69"]
[Site "Internet Chess Club"]
[Date "2016.07.01"]
[Round "4"]
[White "PolishRyszard"]
[Black "ChessHouston"]
[Result "0-1"]
[WhiteElo "1862"]
[BlackElo "1939"]
[Opening "Pirc: classical (two knights) system"]
[ECO "B08"]
[Time "13:04:12"]
[TimeControl "2700+45"]

1. e4 d6 2. d4 Nf6 3. Nc3 g6 4. Nf3 Bg7 5. Bf4 c5 6. dxc5 Qa5 7. Nd2 Qxc5 8. Nb3
Qb6 9. Qd2 Be6 10. O-O-O Nc6 11. Be3 Qd8 12. Bh6 Bxh6 13. Qxh6 Ng4 14. Qg7 Rf8
15. Rd2 Qb6 16. Bb5 Nxf2 17. Bxc6+ bxc6 18. Rf1 Ng4 19. Nd4 Bc4 20. Re1 Ne5 21.
Qxh7 Rb8 22. Nb3 a5 23. Qh3 Be6 24. Qg3 Nc4 25. Rd3 Qb4 26. a4 Ne5 27. Rd4 Qb6
28. Red1 Bxb3 29. cxb3 Qxb3 30. R1d2 Nc4 31. Rc2 e5 32. Rd3 Qb4 33. Na2 Qc5 34.
Qe1 f5 35. Rdc3 d5 36. exd5 cxd5 37. Qg3 Qg1+ {White resigns} 0-1